 Dungeon Crawl Stone Soup version 0.31-a0-986-g5e6e4ef867 (webtiles) character file.

Game seed: 12343162800349718647

4 benadryl the Stinger (level 1, -6/17 HPs)
             Began as a Djinni Summoner on Nov 23, 2023.
             Mangled by a gnoll
             ... wielding a +0 flail
              (13 damage)
             ... on level 1 of the Dungeon.
             The game lasted 00:01:00 (218 turns).

benadryl the Stinger (Djinni Summoner)               Turns: 218, Time: 00:01:00

Health: -6/17      AC:  5    Str:  7    XL:     1   Next: 77%
Gold:   11         EV: 12    Int: 16    God:
                   SH:  0    Dex: 13

rFire   + + .        e - +0 whip
rCold   x . .        (no shield)
rNeg    . . .        a - +0 robe
rPois   ∞            (no helmet)
rElec   .            (no cloak)
rCorr   .            b - +2 pair of gloves
SInv    .            (boots unavailable)
Will    .....        (no amulet)
Stlth   ++           (no ring)
HPRegen 0.22/turn    (no ring)
MPRegen 0.00/turn

%: infuse magic (-7 HP)
@: flying
A: sickness immunity, fire resistance 2, cold vulnerability 1, float, innate
caster, HP casting, extra vitality 1
a: no special abilities


You were on level 1 of the Dungeon.
You visited 1 branch of the dungeon, and saw 1 of its levels.

You collected 11 gold pieces.

Inventory:

Hand Weapons
 e - a +0 whip (weapon)
Armour
 a - a +0 robe (worn)
 b - a +2 pair of gloves (worn)
Scrolls
 c - a scroll of fog {unknown}
 d - a scroll of brand weapon {unknown}


   Skills:
 * Level 1.2 Fighting
 - Level 2.1 Dodging
 - Level 1.5 Stealth
 - Level 3.4 Spellcasting
 - Level 3.4 Conjurations
 - Level 3.4 Hexes
 - Level 3.4 Summonings
 - Level 3.4 Necromancy
 - Level 3.4 Translocations
 - Level 3.4 Transmutations
 - Level 3.4 Fire Magic
 - Level 3.4 Ice Magic
 - Level 3.4 Air Magic
 - Level 3.4 Earth Magic
 - Level 3.4 Poison Magic


You knew the following spells:

 Your Spells              Type           Power      Damage    Failure   Level
a - Summon Small Mammal   Summ           52%        N/A       4%          1
b - Call Imp              Summ           26%        N/A       7%          2
c - Call Canine Familiar  Summ           13%        N/A       13%         3
d - Summon Guardian Gole  Hex/Summ       13%        N/A       13%         3
e - Summon Lightning Spi  Summ/Air       13%        N/A       41%         4
Your spell library was empty.

Dungeon Overview and Level Annotations

Branches:
Dungeon (1/15)

Altars:

Shops:
D:1 *


Innate Abilities, Weirdness & Mutations

You are immune to sickness and miasma.
You are immune to poison.
Your flesh is very heat resistant. (rF++)
You are vulnerable to cold. (rC-)
You float through the air rather than walking.
You learn spells naturally, not from books.
Your magical power is your life essence.
You have superior vitality. (+4 MHP)


Message History

You swap places.
Found a stone staircase leading down.
Your bat disappears in a puff of smoke!
Your rat disappears in a puff of smoke!
A rat comes into view.
A rat is nearby!
Casting: Summon Small Mammal (safe; 4% risk of failure)
Press: ? - help, Q - select action, (/) - cycle Dir - look around, f - activate
Casting: Summon Small Mammal (safe; 4% risk of failure)
Press: ? - help, Q - select action, (/) - cycle Dir - look around, f - activate You barely miss the rat.
Your bat hits the rat. The rat misses you.
Your rat bites the rat but does no damage.
You hit the rat.
The rat is severely wounded.
Your bat barely misses the rat.
The rat bites you.
Your rat misses the rat. You hit the rat.
You kill the rat!
You swap places.
You see here a rat corpse.
Found 11 gold pieces.
You start resting.
HP restored.
Your rat disappears in a puff of smoke!
Your bat disappears in a puff of smoke!
You now have 11 gold pieces.
Found a robe.
A gnoll comes into view. It is wielding a +0 flail.
A hobgoblin comes into view.
Casting: Summon Small Mammal (safe; 4% risk of failure)
Press: ? - help, Q - select action, (/) - cycle Dir - look around, f - activate The gnoll hits you with a +0 flail!
Casting: Summon Small Mammal (safe; 4% risk of failure)
Press: ? - help, Q - select action, (/) - cycle Dir - look around, f - activate The gnoll hits you with a +0 flail.
The hobgoblin shouts!
Your bat completely misses the gnoll.
The gnoll attacks as it pursues you! The gnoll closely misses you.
Your quokka misses the gnoll. You closely miss the gnoll.
The gnoll hits you with a +0 flail!
Ouch! That really hurt!
You die...

#.. ## .^. . ##########
... .### .........# #.#
... .........# #.#..#
.........# #.#..####
.........########.......#
................@grb.....
.........########...[...#
.........# #.......#
.........# #.......#
.#...##### #g......#
.#.### #.......# ...#
######### .### ##


You could see a gnoll (ally target), a hobgoblin, a friendly quokka (summoned)
and a friendly bat (summoned).

Vanquished Creatures
  A rat (D:1)
1 creature vanquished.

Vanquished Creatures (collateral kills)
  An endoplasm (D:1)
  A giant cockroach (D:1)
  A kobold (D:1)
3 creatures vanquished.

Grand Total: 4 creatures vanquished

Notes
Turn   | Place    | Note
-------+----------+-------------------------------------------
     0 | D:1      | benadryl the Djinni Summoner began the quest for the Orb.
     0 | D:1      | benadryl set off with the following spells memorised:
                  | Summon Small Mammal, Call Imp, Call Canine Familiar, Summon
                  | Guardian Golem, Summon Lightning Spire.
     0 | D:1      | Reached XP level 1. HP: 15/15 MP: 0/0
    32 | D:1      | Found Lepacoicw's Assorted Antiques.
   113 | D:1      | Reached skill level 1 in Fighting
   218 | D:1      | Mangled by a gnoll

Illustrated notes

Levels and vault maps discovered:
D:1:      dpeg_arrival_rooms_c, layout_rooms, serial_shops, shop

Skill      XL: |  1 |
---------------+----+-----
Fighting       | 1 |  1.2
Dodging        | |  2.1
Stealth        | |  1.5
Spellcasting   | |  3.4
Conjurations   | |  3.4
Hexes          | |  3.4
Summonings     | |  3.4
Necromancy     | |  3.4
Translocations | |  3.4
Transmutations | |  3.4
Fire Magic     | |  3.4
Ice Magic      | |  3.4
Air Magic      | |  3.4
Earth Magic    | |  3.4
Poison Magic   | |  3.4

Action                     || total
---------------------------++-------
  Melee: Unarmed           ||     5
         Whip              ||     4
   Cast: Summon Small Mamm ||     9
   Stab: Distracted        ||     1
 Armour: Robe              ||     5
  Dodge: Dodged            ||     7

Table legend: (Time is in decaauts)
 A = Elapsed time spent in this place.
 B = Non-inter-level travel time spent in this place.
 C = Inter-level travel time spent in this place.
 D = Time resting spent in this place.
 E = Time spent auto-exploring this place.
 F = Levels seen in this place.
 G = Mean time per level.
                   A        B        C        D        E       F      G
               +--------+--------+--------+--------+--------+-----+--------+
         Total |    217 |    206 |     11 |     30 |    114 |   1 |  217.0 |
       Dungeon |    217 |    206 |     11 |     30 |    114 |   1 |  217.0 |
               +--------+--------+--------+--------+--------+-----+--------+

Top non-repeatable levels by time:
     D:1: 217 daAuts
